APL (24 & UNDER)
NASHUA REDLEGS @ DETROIT DIRTY SNOW
08/18/2028
 
TOP OF THE 1ST
Nashua Redlegs batting - Pitching for Detroit Dirty Snow : RHP Javier Moreno
Pitching: RHP Javier Moreno
Batting: LHB Derrek Robinson 0-0: Ball
1-0: Swinging Strike
1-1: Called Strike
1-2: Strikes out swinging
Batting: RHB Katsuhito Ohayashi 0-0: Ball
1-0: Fly out, F4 (Line Drive, 4D)
Batting: LHB Bob Campbell 0-0: Swinging Strike
0-1: Foul Ball, location: 2F
0-2: Fly out, F7 (Flyball, 7LM)
Top of the 1st over - 0 run(s), 0 hit(s), 0 error(s), 0 left on base; Nashua 0 - Detroit 0
BOTTOM OF THE 1ST
Detroit Dirty Snow batting - Pitching for Nashua Redlegs : LHP Keith Burns
Pitching: LHP Keith Burns
Batting: SHB Cristián López 0-0: Ball
1-0: Ground out 5-3 (Groundball, 56)
Batting: RHB Cristo Souza 0-0: Called Strike
0-1: Ball
1-1: Foul Ball, location: 2F
1-2: SOLO HOME RUN (Flyball, 78XD), Distance : 418 ft
Batting: LHB Félix Costa 0-0: Foul Ball, location: 2F
0-1: Foul Ball, location: 2F
0-2: Ground out 4-3 (Groundball, 4S)
Batting: RHB Carlos Rocha 0-0: Called Strike
0-1: Fly out, F9 (Flyball, 9S)
Bottom of the 1st over - 1 run(s), 1 hit(s), 0 error(s), 0 left on base; Nashua 0 - Detroit 1
TOP OF THE 2ND
Nashua Redlegs batting - Pitching for Detroit Dirty Snow : RHP Javier Moreno
Batting: RHB Joe Noble 0-0: Ball
1-0: Ball
2-0: Called Strike
2-1: Ball
3-1: Fly out, F4 (Popup, 4D)
Batting: RHB Jorge Valenzuela 0-0: Called Strike
0-1: Ball
1-1: Called Strike
1-2: Strikes out swinging
Batting: RHB António Pérez 0-0: Hit by Pitch
Batting: RHB Jason Fuller 0-0: Called Strike
0-1: Ball
1-1: Swinging Strike
1-2: Ball
2-2: Ball
3-2: Ground out 2-3 (Groundball, 15S)
Top of the 2nd over - 0 run(s), 0 hit(s), 0 error(s), 1 left on base; Nashua 0 - Detroit 1
BOTTOM OF THE 2ND
Detroit Dirty Snow batting - Pitching for Nashua Redlegs : LHP Keith Burns
Batting: RHB Gary Wyatt 0-0: Called Strike
0-1: Swinging Strike
0-2: Ball
1-2: Ball
2-2: Strikes out swinging
Batting: RHB Charlie O'Farrell 0-0: Ball
1-0: Ball
2-0: SINGLE (Line Drive, 4MD)
Batting: SHB Alan Garland 0-0: Called Strike
0-1: Foul Ball, location: 2F
0-2: Foul Ball, location: 2F
0-2: Ball
1-2: Foul Ball, location: 2F
1-2: Strikes out swinging
Batting: SHB Víctor Torres 0-0: Called Strike
0-1: Foul Ball, location: 2F
0-2: Strikes out swinging
Bottom of the 2nd over - 0 run(s), 1 hit(s), 0 error(s), 1 left on base; Nashua 0 - Detroit 1
TOP OF THE 3RD
Nashua Redlegs batting - Pitching for Detroit Dirty Snow : RHP Javier Moreno
Batting: RHB Bob Fitzgerald 0-0: Called Strike
0-1: Swinging Strike
0-2: Strikes out looking
Batting: RHB Spencer Pritchett 0-0: SINGLE (Line Drive, 9S)
Batting: LHB Derrek Robinson 0-0: Ball
1-0: Called Strike
1-1: Fly out, F8 (Flyball, 89M)
Batting: RHB Katsuhito Ohayashi 0-0: Foul Ball, location: 2F
0-1: Ball
1-1: Ball
2-1: Ball
3-1: Foul Ball, location: 2F
3-2: Foul Ball, location: 2F
3-2: Strikes out looking
Top of the 3rd over - 0 run(s), 1 hit(s), 0 error(s), 1 left on base; Nashua 0 - Detroit 1
BOTTOM OF THE 3RD
Detroit Dirty Snow batting - Pitching for Nashua Redlegs : LHP Keith Burns
Batting: RHB Manuel Flores 0-0: Ball
1-0: Swinging Strike
1-1: Ball
2-1: Swinging Strike
2-2: SINGLE (Flyball, 9LS)
Batting: SHB Cristián López 0-0: SINGLE (Groundball, 56D)
Manuel Flores to second
Batting: RHB Cristo Souza 0-0: Foul Ball, location: 2F
0-1: Swinging Strike
0-2: Ball
1-2: Ball
2-2: Grounds into double play, 5-4-3 (Groundball, 56)
Manuel Flores to third
Batting: LHB Félix Costa 0-0: Foul Ball, location: 2F
0-1: Ball
1-1: Foul Ball, location: 2F
1-2: SINGLE (Flyball, 7LS)
Manuel Flores scores
Batting: RHB Carlos Rocha 0-0: Ball
1-0: Ball
2-0: Foul Ball, location: 2F
2-1: Ground out 4-3 (Groundball, 34)
Bottom of the 3rd over - 1 run(s), 3 hit(s), 0 error(s), 1 left on base; Nashua 0 - Detroit 2
TOP OF THE 4TH
Nashua Redlegs batting - Pitching for Detroit Dirty Snow : RHP Javier Moreno
Batting: LHB Bob Campbell 0-0: Ball
1-0: Ball
2-0: Ball
3-0: Called Strike
3-1: Foul Ball, location: 2F
3-2: TRIPLE (Line Drive, 89M)
Batting: RHB Joe Noble 0-0: Swinging Strike
0-1: Ball
1-1: Swinging Strike
1-2: Strikes out swinging
Batting: RHB Jorge Valenzuela 0-0: Ball
1-0: Ball
2-0: Fly out, F8 (Flyball, 89M)
Runner from 3rd tags up, SCORES, no throw
Batting: RHB António Pérez 0-0: Called Strike
0-1: Called Strike
0-2: Ball
1-2: SINGLE (Groundball, 34D)
Batting: RHB Jason Fuller 0-0: Called Strike
0-1: Swinging Strike
0-2: Ball
1-2: Strikes out looking
Top of the 4th over - 1 run(s), 2 hit(s), 0 error(s), 1 left on base; Nashua 1 - Detroit 2
BOTTOM OF THE 4TH
Detroit Dirty Snow batting - Pitching for Nashua Redlegs : LHP Keith Burns
Batting: RHB Gary Wyatt 0-0: Ground out 4-3 (Groundball, 4)
Batting: RHB Charlie O'Farrell 0-0: Called Strike
0-1: Ball
1-1: Called Strike
1-2: Strikes out looking
Batting: SHB Alan Garland 0-0: SINGLE (Flyball, 8RM)
Batting: SHB Víctor Torres 0-0: Called Strike
0-1: SINGLE (Line Drive, 56D)
Alan Garland to second
Batting: RHB Manuel Flores 0-0: Ball
1-0: Foul Ball, location: 2F
1-1: Fielders Choice at 2nd, 4-6 (Groundball, 4)
Bottom of the 4th over - 0 run(s), 2 hit(s), 0 error(s), 1 left on base; Nashua 1 - Detroit 2
TOP OF THE 5TH
Nashua Redlegs batting - Pitching for Detroit Dirty Snow : RHP Javier Moreno
Batting: RHB Bob Fitzgerald 0-0: Called Strike
0-1: Ball
1-1: Ball
2-1: Ground out 4-3 (Groundball, 4MS)
Batting: RHB Spencer Pritchett 0-0: SINGLE (Line Drive, 7S)
Batting: LHB Derrek Robinson 0-0: Fly out, F8 (Flyball, 8LS)
Batting: RHB Katsuhito Ohayashi 0-0: Ball
1-0: Ball
2-0: Foul Ball, location: 2F
2-1: Ball
3-1: Foul Ball, location: 2F
3-2: Strikes out swinging
Top of the 5th over - 0 run(s), 1 hit(s), 0 error(s), 1 left on base; Nashua 1 - Detroit 2
BOTTOM OF THE 5TH
Detroit Dirty Snow batting - Pitching for Nashua Redlegs : LHP Keith Burns
Batting: SHB Cristián López 0-0: Called Strike
0-1: Ball
1-1: Ball
2-1: Bunt for hit - play at first, batter safe!
Batting: RHB Cristo Souza 0-0: Called Strike
0-1: Ball
1-1: Ball
2-1: Grounds into double play, 6-4-3 (Groundball, 6)
Batting: LHB Félix Costa 0-0: Ball
1-0: Swinging Strike
1-1: Swinging Strike
1-2: Ball
2-2: Ground out U3 (Groundball, 3)
Bottom of the 5th over - 0 run(s), 1 hit(s), 0 error(s), 0 left on base; Nashua 1 - Detroit 2
TOP OF THE 6TH
Nashua Redlegs batting - Pitching for Detroit Dirty Snow : RHP Javier Moreno
Batting: LHB Bob Campbell 0-0: Ball
1-0: Ball
2-0: Called Strike
2-1: Ground out 6-3 (Groundball, 6)
Batting: RHB Joe Noble 0-0: Ground out 4-3 (Groundball, 4)
Batting: RHB Jorge Valenzuela 0-0: Ball
1-0: Ball
2-0: Called Strike
2-1: Fly out, F9 (Flyball, 9LS)
Top of the 6th over - 0 run(s), 0 hit(s), 0 error(s), 0 left on base; Nashua 1 - Detroit 2
BOTTOM OF THE 6TH
Detroit Dirty Snow batting - Pitching for Nashua Redlegs : LHP Keith Burns
Batting: RHB Carlos Rocha 0-0: Swinging Strike
0-1: SINGLE (Flyball, 8LS)
Batting: RHB Gary Wyatt 0-0: Called Strike
0-1: Swinging Strike
0-2: Ball
1-2: Foul Ball, location: 2F
1-2: Strikes out swinging
Batting: RHB Charlie O'Farrell 0-0: Called Strike
0-1: Ball
1-1: Ball
2-1: Foul Ball, location: 2F
2-2: SINGLE (Groundball, 6D)
Carlos Rocha to second
Batting: SHB Alan Garland 0-0: Foul Ball, location: 2F
0-1: Ball
1-1: Fly out, F8 (Flyball, 8RM)
Pitching: RHP Samuel Farrell
Batting: SHB Víctor Torres 0-0: Ball
1-0: SINGLE (Groundball, 34D)
Carlos Rocha to third
Charlie O'Farrell to second
Runner from 3rd tries for Home, SAFE, throw made home
Batting: RHB Manuel Flores 0-0: Ball
1-0: Ball
2-0: Called Strike
2-1: Ball
3-1: Ground out U3 (Groundball, 34)
Bottom of the 6th over - 1 run(s), 3 hit(s), 0 error(s), 2 left on base; Nashua 1 - Detroit 3
TOP OF THE 7TH
Nashua Redlegs batting - Pitching for Detroit Dirty Snow : RHP Javier Moreno
Batting: RHB António Pérez 0-0: Ball
1-0: Foul Ball, location: 2F
1-1: Ball
2-1: Swinging Strike
2-2: Ball
3-2: Strikes out looking
Pitching: RHP Benjamin Hutchison
Batting: RHB Jason Fuller 0-0: Foul Ball, location: 2F
0-1: Fly out, F8 (Flyball, 8RS)
Batting: RHB Bob Fitzgerald 0-0: Foul Ball, location: 2F
0-1: Ball
1-1: Swinging Strike
1-2: Strikes out swinging
Top of the 7th over - 0 run(s), 0 hit(s), 0 error(s), 0 left on base; Nashua 1 - Detroit 3
BOTTOM OF THE 7TH
Detroit Dirty Snow batting - Pitching for Nashua Redlegs : RHP Samuel Farrell
Batting: SHB Cristián López 0-0: TRIPLE (Flyball, 78S)
Batting: RHB Cristo Souza 0-0: Called Strike
0-1: Ball
1-1: Ball
2-1: Fly out, F8 (Flyball, 8LM)
Runner from 3rd tags up, SCORES, throw made
Batting: LHB Félix Costa 0-0: SINGLE (Groundball, 34D)
Batting: RHB Carlos Rocha 0-0: Swinging Strike
0-1: Ball
1-1: Ball
2-1: Foul Ball, location: 2F
Pickoff Throw to First - Error! E1
Félix Costa to second
2-2: Ball
3-2: Base on Balls
Batting: RHB Gary Wyatt 0-0: Ball
1-0: Called Strike
Félix Costa steals 3rd base
Carlos Rocha to second
1-1: Swinging Strike
1-2: Foul Ball, location: 2F
1-2: Foul Ball, location: 2F
1-2: Strikes out looking
Batting: RHB Charlie O'Farrell 0-0: Ball
1-0: Swinging Strike
1-1: Ball
2-1: Fly out, F8 (Flyball, 8LS)
Bottom of the 7th over - 1 run(s), 2 hit(s), 1 error(s), 2 left on base; Nashua 1 - Detroit 4
TOP OF THE 8TH
Nashua Redlegs batting - Pitching for Detroit Dirty Snow : RHP Benjamin Hutchison
Batting: RHB Spencer Pritchett 0-0: Ball
1-0: Ground out 4-3 (Groundball, 4)
Batting: LHB Derrek Robinson 0-0: Ball
1-0: Called Strike
1-1: DOUBLE (Line Drive, 9LM)
Batting: RHB Katsuhito Ohayashi 0-0: Ball
1-0: Called Strike
1-1: Called Strike
1-2: Ball
2-2: Ball
3-2: Strikes out swinging
Pitching: LHP Jorge Luna
Batting: LHB Bob Campbell 0-0: Ball
1-0: Fly out, F7 (Flyball, 7)
Top of the 8th over - 0 run(s), 1 hit(s), 0 error(s), 1 left on base; Nashua 1 - Detroit 4
BOTTOM OF THE 8TH
Detroit Dirty Snow batting - Pitching for Nashua Redlegs : RHP Samuel Farrell
Batting: SHB Alan Garland 0-0: Ball
1-0: Ball
2-0: Ground out 4-3 (Groundball, 4)
Pitching: RHP Jesús Martínez
Batting: SHB Víctor Torres 0-0: Ball
1-0: Foul Ball, location: 2F
1-1: Ground out 1-3 (Groundball, 13S)
Batting: RHB Manuel Flores 0-0: Called Strike
0-1: Ball
1-1: Ball
2-1: Ball
3-1: Base on Balls
Batting: SHB Cristián López 0-0: Ball
1-0: SINGLE (Groundball, 56D)
Manuel Flores to second
Batting: RHB Cristo Souza 0-0: Called Strike
0-1: Foul Ball, location: 2F
0-2: Fly out, F2 (Popup, 3S)
Bottom of the 8th over - 0 run(s), 1 hit(s), 0 error(s), 2 left on base; Nashua 1 - Detroit 4
TOP OF THE 9TH
Nashua Redlegs batting - Pitching for Detroit Dirty Snow : LHP Jorge Luna
Pitching: RHP Mark Messier
Batting: RHB Joe Noble 0-0: Ball
1-0: Foul Ball, location: 2F
1-1: Swinging Strike
1-2: Foul Ball, location: 2F
1-2: Strikes out looking
Batting: RHB Jorge Valenzuela 0-0: Called Strike
0-1: Swinging Strike
0-2: Ball
1-2: Ball
2-2: Strikes out looking
Batting: RHB António Pérez 0-0: Swinging Strike
0-1: Ground out 6-3 (Groundball, 6S)
Top of the 9th over - 0 run(s), 0 hit(s), 0 error(s), 0 left on base; Nashua 1 - Detroit 4
Tuesday, August 8th, 2017 - OOTP Baseball 17.12 Build 75